 Dungeon Crawl Stone Soup version 0.21.1-1-g345015fe64 (webtiles) character file.

6 Bubo the Grave Robber (level 1, -2/15 HPs)
             Began as a Naga Necromancer on June 2, 2018.
             Slain by a kobold (3 damage)
             ... on level 1 of the Dungeon.
             The game lasted 00:02:58 (401 turns).

Bubo the Grave Robber (Naga Necromancer)             Turns: 401, Time: 00:02:58

Health: -2/15      AC:  1    Str: 10    XL:     1   Next: 90%
Magic:  3/3        EV: 10    Int: 15    God:
Gold:   52         SH:  0    Dex: 11    Spells: 2/4 levels left

rFire    . . .     SeeInvis +   e - +0 dagger
rCold    . . .     Gourm    .   (no shield)
rNeg     . . .     Faith    .   a - +0 robe
rPois    +         Spirit   .   (no helmet)
rElec    .         Reflect  .   (no cloak)
rCorr    .         Harm     .   (no gloves)
MR       .....                  (no barding)
Stlth    ++........             (no amulet)
HPRegen  0.05/turn              (no ring)
MPRegen  0.08/turn              (no ring)

@: very slow
A: large, see invisible, deformed body, poison resistance, slowness 2, slow
metabolism 1, spit poison 1, AC +0
a: Spit Poison


You were on level 1 of the Dungeon.
You were not hungry.

You visited 1 branch of the dungeon, and saw 1 of its levels.

You collected 52 gold pieces.

Inventory:

Hand Weapons
 e - a +0 dagger (weapon)
Missiles
 d - 5 tomahawks (quivered)
Armour
 a - a +0 robe (worn)
 g - a scarf of repulsion
 h - a +0 plate armour
Books
 b - a book of Necromancy

   Spells                             Type                      Level
   a - Pain                           Necromancy                   1
   b - Animate Skeleton               Necromancy                   1
   c - Vampiric Draining              Necromancy                   3
   d - Regeneration                   Charms/Necromancy            3
   e - Animate Dead                   Necromancy                   4
   f - Borgnjor's Vile Clutch         Necromancy/Earth             5
Comestibles
 c - a ration


   Skills:
 + Level 1.8 Dodging
 + Level 3.0 Stealth
 + Level 2.0 Spellcasting
 + Level 4.1 Necromancy


You had 2 spell levels left.
You knew the following spells:

 Your Spells              Type           Power        Failure   Level  Hunger
a - Pain                  Necr           ##..         4%          1    #......
b - Animate Skeleton      Necr           N/A          4%          1    #......


Dungeon Overview and Level Annotations

Branches:
Dungeon (1/15)

Altars:


Innate Abilities, Weirdness & Mutations

You cannot wear boots.
Your serpentine skin is tough. (AC +0)
You have supernaturally acute eyesight. (SInv)
Armour fits poorly on your strangely shaped body.
Your system is resistant to poisons. (rPois)
You cover ground very slowly.
You have a slow metabolism.
You can spit poison.


Message History

You hit the kobold but do no damage. The kobold barely misses you.
You closely miss the kobold. The kobold hits you but does no damage.
You barely miss the kobold. The frilled lizard barely misses you.
The kobold hits you but does no damage.
You hit the kobold.
The kobold is moderately wounded.
The frilled lizard closely misses you. The kobold hits you.
You hit the kobold.
The kobold is heavily wounded.
The frilled lizard misses you. The kobold hits you.
* * * LOW HITPOINT WARNING * * *
You barely miss the kobold.
The kobold is heavily wounded.
The frilled lizard barely misses you. The kobold hits you.
* * * LOW HITPOINT WARNING * * *
You barely miss the kobold.
The kobold is heavily wounded.
The frilled lizard bites you but does no damage.
The kobold hits you.
You die...

###.########...#
###............. #.##
#.#.# ##########....
#..# #.#.##
#<........## ####.###
#.#..################
.......#
#.#..........
######.##
#.#...####### #..#
..#.#.# #..# ###.#.##
#..##.# #.#@K#
#.#.....# #.##l#
#.#.##### #.# ?#
#.#..# #. .. #.#..#
#.# #.#..# ..
####.#..# #.#
........+ ..
........###


You could see a kobold and a frilled lizard.

Vanquished Creatures
  A leopard gecko (D:1)
  A ball python (D:1)
  A goblin (D:1)
  A bat (D:1)
  A rat (D:1)
5 creatures vanquished.

Notes
Turn   | Place    | Note
-------+----------+-------------------------------------------
     0 | D:1      | Bubo the Naga Necromancer began the quest for the Orb.
     0 | D:1      | Reached XP level 1. HP: 15/15 MP: 3/3
     7 | D:1      | Learned a level 1 spell: Animate Skeleton
     8 | D:1      | Noticed a worker ant
     8 | D:1      | Noticed a tyrant leech
     8 | D:1      | Noticed a basilisk
     9 | D:1      | Noticed a frost giant
     9 | D:1      | Noticed a hell rat
   401 | D:1      | Slain by a kobold

Action                   || total
-------------------------++-------
Melee: Dagger            ||    18
       Unarmed           ||     5
 Cast: Animate Skeleton  ||     1
 Stab: Sleeping          ||     1
Armor: Robe              ||    11
Dodge: Dodged            ||    26
